 Dungeon Crawl Stone Soup version 0.31-a0-636-ge1c0e020e0 (webtiles) character file.

Game seed: 18313885484777078281

7393 croobank the Ruffian (level 10, -2/132 HPs)
             Began as an Armataur Shapeshifter on Aug 26, 2023.
             Was an Initiate of Gozag.
             Slain by a human
             ... wielding a +0 war axe
              (12 damage)
             ... in a bailey.
             The game lasted 01:04:19 (10825 turns).

croobank the Ruffian (Armataur Shapeshifter)       Turns: 10825, Time: 01:04:19

Health: -2/132     AC:  4    Str: 32    XL:     10   Next: 92%
Magic:  19/19      EV: 11    Int: 10    God:    Gozag
Gold:   270        SH:  0    Dex: 14    Spells: 17/21 levels left

rFire   . . .        i - +4 Maxwell's thermic engine {flame, freeze, rev}
rCold   . . .        (no shield)
rNeg    . . .        a - +0 animal skin
rPois   .            (helmet currently unavailable)
rElec   .            (cloak currently unavailable)
rCorr   .            (gloves currently unavailable)
SInv    .            (no barding)
Will    .....        H - amulet of magic regeneration Stlth
                     P - +6 ring of strength
HPRegen 0.42/turn    t - +6 ring of strength
MPRegen 0.56/turn

%: roll
@: berserking, beast-form, gold aura, invisible, very quick
A: beast (slay +3), large, rugged brown scales 3, deformed body, armoured tail,
roll, long tongue, awkward tongue
a: Begin Untransformation, Renounce Religion, Potion Petition, Call Merchant,
Bribe Branch


You were in a bailey.
You worshipped Gozag.
Gozag was aware of your devotion.
You were a hulking beast.
You visited 1 branch of the dungeon, and saw 9 of its levels.
You also visited: Bailey.

You collected 1954 gold pieces.
You spent 200 gold pieces at shops.
You paid 1484 gold pieces to Gozag.

Inventory:

Hand Weapons
 h - a +0 morningstar of protection
 i - the +4 Maxwell's thermic engine (weapon) {flame, freeze, rev}
   (You found it on level 7 of the Dungeon)
 j - the +3 trident "Muyd" {flame, rC+ Dex+3}
   (You found it on level 5 of the Dungeon)

   Dex+3:     It affects your dexterity (+3).
   rC+:       It protects you from cold.
 u - a +4 hand axe
 v - a +4 spectral quarterstaff
 C - a +0 flail of holy wrath
 D - a +2 spear of venom
 J - a +2 dagger of flaming
Missiles
 m - 8 poisoned darts
 o - a curare-tipped dart
 F - 8 boomerangs
 K - 2 javelins
Armour
 a - a +0 animal skin (worn)
 f - a +0 helmet
 N - the +0 leather armour "Hoach" {rPois Str-3 Stlth+}
   (You found it on level 7 of the Dungeon)

   Str-3:     It affects your strength (-3).
   rPois:     It protects you from poison Stlth+: It makes you more stealthy.
Magical Staves
 M - a staff of fire
Jewellery
 r - the ring "Kuoral" {rF+ rN+ rCorr Str-3 Dex+3}
   (You found it on level 4 of the Dungeon)

   [ring of protection from fire]

   Str-3:     It affects your strength (-3).
   Dex+3:     It affects your dexterity (+3).
   rF+:       It protects you from fire.
   rN+:       It protects you from negative energy.
   rCorr:     It protects you from acid and corrosion.
 t - a +6 ring of strength (right hand)
 y - a ring of flight
 H - an amulet of magic regeneration (around neck)
 L - a +5 ring of evasion
 P - a +6 ring of strength (left hand)
Talismans
 b - a serpent talisman
 c - a beast talisman (active)
 d - a flux talisman
 p - a talisman of death
Wands
 e - a wand of flame (58)
 g - a wand of mindburst (2)
 A - a wand of paralysis (2)
 Q - a wand of iceblast (5)
Scrolls
 k - a scroll of vulnerability
 q - 2 scrolls of poison
 s - a scroll of amnesia
 x - 6 scrolls of immolation
 B - a scroll of fog
 E - a scroll of teleportation
 R - a scroll of enchant weapon
Potions
 l - a potion of curing
 n - 3 potions of ambrosia
 z - 2 potions of enlightenment
 G - a potion of invisibility
Miscellaneous
 O - a lightning rod (4/4)


   Skills:
 + Level 5.8 Fighting
 + Level 5.0 Dodging
 + Level 6.4 Unarmed Combat
 + Level 6.0 Spellcasting
 + Level 2.1 Conjurations
 - Level 6.0 Fire Magic
 + Level 2.2 Air Magic
 + Level 2.2 Poison Magic
 + Level 6.0 Shapeshifting


You had 17 spell levels left.
You knew the following spells:

 Your Spells              Type           Power      Damage    Failure   Level
a - Foxfire               Conj/Fire      44%        2x1d6     3%          1
b - Mephitic Cloud        Conj/Pois/Air  7%         N/A       26%         3

Your spell library contained the following spells:

 Spells                   Type           Power      Damage    Failure   Level
 Shock                    Conj/Air       28%        1d4       9%          1
 Static Discharge         Conj/Air       14%        2-3/arc   13%         2
 Sandblast                Erth           6%         2d5       21%         1
 Momentum Strike          Conj/Tloc      10%        3d8       21%         2
 Swiftness                Air            7%         N/A       24%         3
 Blink                    Tloc           6%         N/A       30%         2
 Lesser Beckoning         Tloc           6%         N/A       30%         2
 Passwall                 Tmut/Erth      2%         N/A       30%         2
 Dazzling Flash           Conj/Hex       10%        N/A       36%         3
 Stone Arrow              Conj/Erth      10%        3d7       36%         3
 Ozocubu's Armour         Ice            3%         N/A       52%         3
 Summon Guardian Golem    Hex/Summ       3%         N/A       52%         3
 Airstrike                Air            3%         2d(1-17)  63%         4
 Summon Ice Beast         Ice/Summ       3%         N/A       90%         4
 Plasma Beam              Fire/Air       5%         2x1d16    99%         6
 Starburst                Conj/Fire      5%         6d4       99%         6
 Malign Gateway           Summ/Tloc      1%         N/A       100%        7
 Orb of Destruction       Conj           3%         9d5       100%        7
 Ozocubu's Refrigeration  Ice            1%         4d7       100%        7
 Spellforged Servitor     Conj/Summ      2%         N/A       100%        7


Dungeon Overview and Level Annotations

Branches:
Dungeon (9/15)             Temple (0/1) D:7          Bailey (1/1)
   Lair: D:8-11         Orc: D:9-12

Altars:
Elyvilon
Gozag
Hepliaklqana
Nemelex Xobeh
Qazlal
Sif Muna
Uskayaw
Xom
Yredelemnul
Zin
The Shining One

Shops:
D:5 *   D:9 [


Innate Abilities, Weirdness & Mutations

You are a hulking beast.
Your limbs bulge with bestial killing power. (Slay +3)
You are completely covered in rugged brown scales. (AC +3, +7% HP)
Armour fits poorly on your strangely shaped body.
You have a long armoured tail.
You roll when moving toward enemies. (Rampage)
Your long tongue fully drains potion bottles. (2x potion effects)
Your tongue gives you trouble enunciating. (1.5x scroll delay)


Message History

Your Shapeshifting skill increases to level 6!
You roll towards the bullfrog!
You slice the bullfrog!! You burn the bullfrog!
You kill the bullfrog!
The human is no longer distracted by gold.
The human is distracted by your dazzling golden aura.
The human hits you with a +0 war axe!
* * * LOW HITPOINT WARNING * * *
The human shouts!
The bullfrog hits you.
* * * LOW HITPOINT WARNING * * *
The human completely misses you.
You see here 5 gold pieces.
You barely miss the human. The bullfrog closely misses you.
A goblin comes into view. It is wielding a +0 hand axe.
The human hits you with a +0 war axe!
* * * LOW HITPOINT WARNING * * *
You closely miss the human.
The goblin shouts!
The human is no longer distracted by gold.
The bullfrog barely misses you. The human closely misses you.
The bullfrog closely misses you.
You slice the bullfrog!! You burn the bullfrog.
You kill the bullfrog!
The human hits you with a +0 war axe.
* * * LOW HITPOINT WARNING * * *
The human closely misses you.
The bullfrog is distracted by your dazzling golden aura.
The bullfrog gives a loud, deep croak!
You hit the human. You burn the human. You freeze the human.
The human is lightly wounded.
The human hits you but does no damage. The human closely misses you.
The hobgoblin hits you but does no damage.
The goblin shouts!
You slash the human! You burn the human! You freeze the human.
The human is almost dead.
The goblin shouts!
The human is distracted by your dazzling golden aura.
The human hits you with a +0 war axe!
You die...
Your body crumbles into a pile of gold.

#####
##...##
#.....#
#.∩$∩.#
#..ph.#
##.gp##
#'#$#
~~~#gp..#
~~~~
#.g.##
#~~~~
#...#
##~~
#F..# ##'
##..#
'..#


You could see 3 humans, a bullfrog (unable to see you), 2 hobgoblins and a
goblin (unable to see you).

Vanquished Creatures
  2 two-headed ogres (D:7)
  A gargoyle (D:7)
  A komodo dragon (D:7)
  2 slime creatures (D:9)
  A wraith (D:7)
  3 humans (Bailey)
  A steam dragon (D:5)
  2 vampire mosquitoes (D:7)
  2 acid dragons (D:7)
  Duvessa (D:7)
  A water moccasin (D:4)
  An orc warrior (D:8)
  2 sky beasts
  A black bear (D:7)
  2 ogres (D:5)
  3 centaurs
  6 phantoms
  2 kobold brigands
  3 scorpions
  4 bullfrogs
  A gnoll sergeant (D:7)
  3 wights (D:4)
  A water moccasin zombie (D:6)
  2 water moccasin skeletons (D:4)
  Dowan (D:7)
  3 howler monkeys
  A crimson imp (D:7)
  A bullfrog zombie (D:4)
  5 hounds
  5 orc priests
  2 sleepcaps
  3 gnoll boudas
  2 jellies
  3 iguanas
  2 scorpion zombies (D:4)
  Terence (D:3)
  7 orc wizards
  4 killer bee zombies (D:6)
  4 hound zombies (D:4)
  A howler monkey zombie (D:6)
  20 gnolls
  3 adders
  2 white imps (D:5)
  An adder skeleton (D:4)
  5 adder zombies (D:4)
  A worm (D:3)
  2 dart slugs
  29 orcs
  5 bats
  5 endoplasms
  2 giant cockroaches (D:4)
  11 goblins
  11 hobgoblins
  6 jackals (D:3)
  12 kobolds
  4 quokkas
  9 ball pythons
  A frilled lizard (D:3)
  A goblin skeleton (D:7)
  4 hobgoblin zombies (D:7)
  A kobold skeleton (D:7)
  2 kobold zombies (D:7)
  An orc skeleton (D:7)
  An orc zombie (D:7)
  8 rats
240 creatures vanquished.

Vanquished Creatures (others)
  An orc (D:5)
  27 foxfires
28 creatures vanquished.

Grand Total: 268 creatures vanquished

Notes
Turn   | Place    | Note
-------+----------+-------------------------------------------
     0 | D:1      | croobank the Armataur Shapeshifter began the quest for the
                  | Orb.
     0 | D:1      | Reached XP level 1. HP: 16/16 MP: 1/1
   186 | D:1      | Reached skill level 1 in Fighting
   215 | D:1      | Reached XP level 2. HP: 24/24 MP: 2/2
   860 | D:2      | Reached XP level 3. HP: 29/29 MP: 3/3
  1220 | D:2      | You fall into a shaft and drop 2 floors!
  1220 | D:4      | Found a stormy altar of Qazlal.
  1235 | D:4      | Found a sparkling altar of Nemelex Xobeh.
  1235 | D:4      | Noticed a water moccasin
  1244 | D:3      | Reached XP level 4. HP: 35/38 MP: 4/4
  1425 | D:3      | Found an opulent altar of Gozag.
  1495 | D:3      | Became a worshipper of Gozag Ym Sagoz the Greedy
  1664 | D:3      | Found a hazy altar of Hepliaklqana.
  1997 | D:3      | Noticed Terence
  2004 | D:3      | Killed Terence
  2005 | D:3      | Reached XP level 5. HP: 28/43 MP: 5/5
  2035 | D:3      | Found a glowing silver altar of Zin.
  2036 | D:3      | Noticed an angel
  2289 | D:4      | Noticed a phantom
  2294 | D:4      | Upgraded the game from 0.31-a0-632-g766dd24fdf to
                  | 0.31-a0-636-ge1c0e020e0
  2310 | D:4      | Reached XP level 6. HP: 53/53 MP: 6/6
  2367 | D:4      | Killed a water moccasin
  2514 | D:4      | Reached XP level 7. HP: 47/60 MP: 7/7
  2745 | D:4      | Identified the ring "Kuoral" {rF+ rN+ rCorr Str-3 Dex+3}
  3038 | D:4      | Found a shimmering altar of Xom.
  3240 | D:5      | Entered Level 5 of the Dungeon
  3251 | D:4      | Reached skill level 5 in Unarmed Combat
  3251 | D:4      | Reached XP level 8. HP: 60/70 MP: 8/8
  4219 | D:5      | Reached skill level 5 in Shapeshifting
  4374 | D:5      | Identified the +3 trident "Muyd" {flame, rC+ Dex+3}
  4422 | D:5      | Found a shimmering blue altar of Sif Muna.
  4734 | D:5      | Found Qeget's Assorted Antiques.
  4746 | D:5      | Bought a shiny iron wand for 80 gold pieces
  4746 | D:5      | Bought a scroll of immolation for 80 gold pieces
  4746 | D:5      | Bought a scroll of identify for 40 gold pieces
  4808 | D:5      | Reached skill level 5 in Fighting
  5165 | D:5      | Found a white marble altar of Elyvilon.
  5313 | D:6      | Learned a level 1 spell: Foxfire
  5340 | D:6      | Found a hide-covered altar of Uskayaw.
  5831 | D:5      | Reached skill level 1 in Spellcasting
  5831 | D:5      | Reached skill level 1 in Fire Magic
  5831 | D:5      | Reached XP level 9. HP: 68/79 MP: 9/11
  6431 | D:6      | Found a basalt altar of Yredelemnul.
  6859 | D:7      | Found a glowing golden altar of the Shining One.
  7004 | D:7      | Noticed Dowan
  7004 | D:7      | Noticed Duvessa
  7022 | D:7      | Killed Duvessa
  7025 | D:7      | Killed Dowan
  7124 | D:7      | Found a staircase to the Ecumenical Temple.
  7150 | D:7      | Noticed a two-headed ogre
  7150 | D:7      | Found the +2 Maxwell's thermic engine {flame, freeze, rev}
  7197 | D:7      | Killed a two-headed ogre
  7198 | D:7      | Reached skill level 5 in Fire Magic
  7350 | D:7      | Noticed a two-headed ogre
  7486 | D:7      | Noticed a komodo dragon
  7640 | D:7      | Noticed a gargoyle
  7677 | D:7      | Identified a scroll of acquirement
  7677 | D:7      | Acquired the Catalogue of Bolts and the Commander
  7679 | D:7      | Killed a gargoyle
  7680 | D:7      | Reached skill level 5 in Spellcasting
  7680 | D:7      | Reached XP level 10. HP: 58/86 MP: 12/17
  7784 | D:7      | Learned a level 3 spell: Mephitic Cloud
  8035 | D:7      | Killed a two-headed ogre
  8059 | D:7      | Reached skill level 1 in Conjurations
  8059 | D:7      | Reached skill level 1 in Poison Magic
  8258 | D:7      | Reached skill level 1 in Air Magic
  8491 | D:7      | Identified the +0 leather armour "Hoach" {rPois Str-3
                  | Stlth+}
 10629 | D:9      | Found a flagged portal.
 10629 | D:9      | Found Jead Zae's Antique Armour Shoppe.
 10714 | Bailey   | Entered a bailey
 10802 | Bailey   | Reached skill level 5 in Dodging
 10825 | Bailey   | Slain by a human

Illustrated notes

Levels and vault maps discovered:
D:1:      lightli_arrival_isolated_outpost, layout_loops_corners
D:2:      layout_rooms, minmay_pentomino_o4
D:3:      layout_rooms, grunt_gozag_statues, nzn_hepliaklqana_mist_gate,
          zin_angel, uniq_terence
D:4:      layout_basic, kennysheep_mini, grunt_temple_overflow_open,
          serial_undead, serial_undead_f, serial_undead_b, serial_undead_a,
          serial_undead_f, serial_undead_c, serial_undead_c, serial_undead_f,
          serial_undead_e, serial_undead_e, serial_undead_b, skrybe_limestone_x
D:5:      layout_rooms, lemuel_coloured_pillars_altar,
          mainiacjoe_overflow_cross_hatched, serial_shops, shop_fountains
D:6:      layout_rooms, eat_drink_and_be_merry_uskayaw,
          nicolae_yredelemnul_corpse_copse
D:7:      minmay_the_grid_four_pointed_star
          [minmay_the_grid_triangle_9x9_negative_grid,
          minmay_the_grid_triangle_9x9_corruption,
          minmay_the_grid_triangle_9x9_cache,
          minmay_the_grid_triangle_9x9_limited_checkers,
          minmay_the_grid_prize_trominoes], layout_loops_cross,
          nicolae_tso_besieged_by_evil, minmay_temple_entry_junction,
          nicolae_concentric_dashed_squares_wild, kennysheep_generic_room_2,
          uniq_duvessa
D:8:      layout_loops_cross
D:9:      layout_gridville, lemuel_zombie_altar_kikubaaqudgha, enter_bailey_6,
          serial_shops, shop
Bailey:   bailey_axe_froggy_fort_hellmonk, bailey

Skill      XL: |  1  2  3  4  5  6  7  8  9 10 |
---------------+-------------------------------+-----
Fighting       | 1 2 3 4 5 |  5.8
Unarmed Combat | 3 4 5 6 |  6.4
Shapeshifting  | 3 4 5 6 |  6.0
Dodging        | 2 3 4 5 |  5.0
Spellcasting   | 1 5 6 |  6.0
Fire Magic     | 1 5 6 |  6.0
Conjurations   | 2 |  2.1
Poison Magic   | 2 |  2.2
Air Magic      | 2 |  2.2

Action                     |  1- 3 |  4- 6 |  7- 9 | 10-12 || total
---------------------------+-------+-------+-------+-------++-------
  Melee: Unarmed           |    95 |   158 |   381 |    29 ||   663
         Tailslap          |    10 |    19 |    68 |    15 ||   112
         Punch             |     1 |     5 |    21 |     4 ||    31
         Double sword      |       |       |       |   102 ||   102
         Staff             |       |       |       |     1 ||     1
  Throw: Dart              |       |       |    34 |     2 ||    36
         Boomerang         |       |       |       |     8 ||     8
         Throwing net      |       |       |       |     1 ||     1
   Cast: Foxfire           |       |       |    10 |    10 ||    20
         Mephitic Cloud    |       |       |       |     1 ||     1
 Invoke: Potion Petition   |       |       |     1 |     2 ||     3
  Evoke: Wand              |       |     3 |     7 |    15 ||    25
    Use: Scroll            |     8 |     1 |    10 |     1 ||    20
         Potion            |       |     1 |     6 |     7 ||    14
   Stab: Sleeping          |     1 |     2 |     3 |       ||     6
         Distracted        |       |       |     2 |       ||     2
         Paralysed         |       |       |    10 |     4 ||    14
         Invisible         |       |       |       |     2 ||     2
         Confused          |       |       |       |     1 ||     1
 Armour: Animal skin       |    29 |    40 |    61 |    22 ||   152
         Skin              |       |       |    23 |    26 ||    49
  Dodge: Dodged            |    48 |    87 |   214 |    98 ||   447

Table legend: (Time is in decaauts)
 A = Elapsed time spent in this place.
 B = Non-inter-level travel time spent in this place.
 C = Inter-level travel time spent in this place.
 D = Time resting spent in this place.
 E = Time spent auto-exploring this place.
 F = Levels seen in this place.
 G = Mean time per level.
                   A        B        C        D        E       F      G
               +--------+--------+--------+--------+--------+-----+--------+
         Total |  10805 |  10618 |    187 |   4139 |   3689 |  10 | 1080.5 |
       Dungeon |  10687 |  10500 |    187 |   4062 |   3689 |   9 | 1187.4 |
        Bailey |    118 |    118 |      0 |     77 |      0 |   1 |  118.0 |
               +--------+--------+--------+--------+--------+-----+--------+

Top non-repeatable levels by time:
     D:7: 2935 daAuts
     D:4: 2121 daAuts
     D:5: 1403 daAuts
     D:6: 1146 daAuts
     D:1: 826 daAuts
     D:3: 784 daAuts
     D:8: 773 daAuts
     D:2: 547 daAuts
     D:9: 149 daAuts
  Bailey: 118 daAuts
